 Dungeon Crawl Stone Soup version 0.19-a0-1091-g463c9de (webtiles) character file.

418 Kurtz the Slasher (level 6, -7/47 HPs)
             Began as a Mummy Berserker on Aug 7, 2016.
             Was a Priest of Trog.
             Mangled by a warg (8 damage)
             ... on level 3 of the Dungeon.
             The game lasted 00:05:56 (3849 turns).

Kurtz the Slasher (Mummy Berserker)                 Turns: 3849, Time: 00:05:57

Health: -7/47      AC: 10    Str: 20    XL:     6   Next: 61%
Magic:  6/6        EV:  8    Int:  7    God:    Trog [***...]
Gold:   158        SH:  3    Dex: 17    Spells: 0 memorised, 5 levels left

rFire  x . .     SeeInvis +     a - +0 falchion
rCold  + . .     Gourm    .     p - +1 chain mail
rNeg   + + +     Faith    .     (no shield)
rPois  ∞         Spirit   .     s - +0 helmet
rElec  .         Dismiss  .     (no cloak)
rCorr  .         Reflect  +     (no gloves)
SustAt .         Harm     .     (no boots)
MR     ++...                    l - +3 amulet of reflection
Stlth  ..........               j - +4 ring of dexterity
                                k - ring of see invisible

@: regenerating
A: no food or potions, fire vulnerability, cold resistance 1, negative energy
resistance 3, torment resistance, unbreathing
a: Trog's Hand, Burn Spellbooks, Renounce Religion


You were on level 3 of the Dungeon.
You worshipped Trog.
Trog was most pleased with you.
You were not hungry.

You visited 1 branch of the dungeon, and saw 4 of its levels.

You collected 288 gold pieces.
You spent 130 gold pieces at shops.

Inventory:

Hand Weapons
 a - a +0 falchion (weapon)
 q - a +0 club
Armour
 b - a +0 animal skin
 i - a +0 ring mail
 m - a +0 plate armour
 p - a +1 chain mail (worn)
 s - a +0 helmet (worn)
Jewellery
 e - an uncursed ring of resist corrosion
 j - a +4 ring of dexterity (right hand)
 k - a ring of see invisible (left hand)
 l - a +3 amulet of reflection (around neck)
 t - an uncursed ring of poison resistance
Wands
 u - a wand of polymorph (6/24)
Scrolls
 c - 4 scrolls of remove curse
 d - a scroll of magic mapping
 g - a scroll of teleportation {unknown}
 h - 3 scrolls of identify
 n - a scroll of noise
 o - a scroll of enchant armour
 r - 2 scrolls of fog {unknown}


   Skills:
 - Level 3.0 Fighting
 * Level 6.3 Long Blades
 - Level 1.5 Armour
 - Level 1.5 Dodging


You had 5 spell levels left.
You didn't know any spells.

Dungeon Overview and Level Annotations

Branches:
Dungeon (4/15)
 Temple: D:4-7

Altars:
Nemelex Xobeh

Shops:
D:4 }

Annotations:
D:2 Sigmund


Innate Abilities, Weirdness & Mutations

You do not eat or drink.
Your flesh is vulnerable to fire.
You are immune to poison.
Your flesh is cold resistant. (rC+)
You are immune to negative energy. (rN+++)
You are immune to unholy pain and torment.
You can survive without breathing.


Message History

Your skin crawls.
You feel resistant to hostile enchantments.
You can no longer call in reinforcements.
The warg bites you but does no damage. x2
As you read the scroll labeled DUQ ANENOEKH, it crumbles to dust.
You experience a momentary feeling of inescapable doom!
It was a scroll of random uselessness.
The warg closely misses you.
You riposte.
You barely miss the warg.
The warg is lightly wounded.
As you read the scroll labeled JESIWAU QOIHU, it crumbles to dust.
You hear a loud clanging noise!
It was a scroll of noise.
The warg bites you!
* * * LOW HITPOINT WARNING * * *
As you read the scroll labeled VUJY PUPPABOIV, it crumbles to dust.
It is a scroll of enchant armour.
Your +0 chain mail glows green for a moment.
The warg bites you.
* * * LOW HITPOINT WARNING * * *
The warg bites you!
You die...

#.###...# #.#.......# #.
##.#..### #.#.####### #.
##.#.#####.#.# ###.
#.#.......#+## #...
#.########...## #.##
#.#######.....## #.#
#####..............## ##.##
#.........#.........####...#
#.#.......'@h.......+.......
#.##)...#.#.........####..(#
#.........#........## ##.##
#.###.#.#.#.#.....## #.#
#.###.#.#.#.##...## #.#
#...........###'## #.#
#.###.#.#.### #.# #.# #.#
#.###.# #.# #.# #.###.###.#
##.## #.#


You could see a warg.

Vanquished Creatures
  A crimson imp (D:4)
  4 orc priests
  3 orc wizards
  Robin (D:3)
  3 gnolls
  4 adders
  An ooze (D:1)
  An adder skeleton (D:4)
  A worm (D:2)
  A dart slug (D:3)
  A giant gecko (D:3)
  23 orcs
  A ball python (D:4)
  A giant cockroach (D:3)
  14 goblins
  7 hobgoblins
  4 jackals
  4 kobolds
  4 quokkas
  2 bats
  4 giant newts
  7 rats
92 creatures vanquished.

Notes
Turn   | Place    | Note
-------+----------+-------------------------------------------
     0 | D:1      | Kurtz the Mummy Berserker began the quest for the Orb.
     0 | D:1      | Reached XP level 1. HP: 18/18 MP: 1/1
   380 | D:1      | Reached XP level 2. HP: 24/24 MP: 2/2
   416 | D:1      | Reached skill level 3 in Long Blades
   909 | D:2      | Found a sparkling altar of Nemelex Xobeh.
  1020 | D:2      | Reached XP level 3. HP: 23/29 MP: 3/3
  1036 | D:2      | Reached ** piety under Trog
  1156 | D:2      | Noticed Sigmund
  1689 | D:3      | Reached skill level 4 in Long Blades
  1734 | D:3      | Reached XP level 4. HP: 34/35 MP: 4/4
  1801 | D:3      | Noticed Robin
  1842 | D:3      | Killed Robin
  2090 | D:3      | Reached *** piety under Trog
  2101 | D:3      | Reached XP level 5. HP: 40/41 MP: 5/5
  2674 | D:3      | Reached skill level 5 in Long Blades
  2823 | D:4      | Found Meulur's Gadget Emporium.
  3160 | D:4      | Bought a wand of polymorph (8/24) for 130 gold pieces
  3208 | D:4      | Reached XP level 6. HP: 46/47 MP: 6/6
  3270 | D:4      | Reached skill level 6 in Long Blades
  3498 | D:3      | Reached **** piety under Trog
  3827 | D:4      | Noticed a warg
  3827 | D:4      | an ogre changed into a warg
  3848 | D:3      | HP: 2/47 [warg (10)]
  3849 | D:3      | Mangled by a warg

Vault maps used:
D:1:      dpeg_arrival_boxes_within_box
D:2:      overflow_temple_1_default, uniq_sigmund
D:3:      kennysheep_generic_room_12, uniq_robin
D:4:      serial_shops, nicolae_shop_statue_plus

Skill      XL: |  1  2  3  4  5  6 |
---------------+-------------------+-----
Long Blades    | 3 4 5 6 |  6.3
Fighting       | |  3.0
Armour         | |  1.5
Dodging        | |  1.5

Action                   |  1- 3 |  4- 6 || total
-------------------------+-------+-------++-------
Melee: Falchion          |   148 |   330 ||   478
Invok: Trog's Hand       |       |     1 ||     1
Evoke: Wand              |       |     2 ||     2
  Use: Scroll            |       |     5 ||     5
Armor: Animal skin       |     5 |       ||     5
       Ring mail         |    11 |       ||    11
       Plate armour      |    35 |     4 ||    39
       Chain mail        |       |   124 ||   124
Dodge: Dodged            |    62 |   126 ||   188
Block: Other             |    13 |    43 ||    56
       Reflection        |     1 |       ||     1
